Map: New Repugnancy LE

Players

TiPtOP

  • Race: Terran Terran
  • League: Silver
  • Spawn Location: 7:00

Wandros - Winner!

  • Race: Terran Terran
  • League: Silver
  • Spawn Location: 1:00

VOD

Have the link to the VOD?

Description

Time

  • Played on: Aug. 13, 2019, 12:20 a.m.
  • Length: 9:57
Show
View Real Time Build Order
Export as new Build Order

TiPtOP Terran 

Build Orders:  

Get SALT Encoding   

  12  0:00  SCV  
  13  0:13  SCV  
  14  0:21  Supply Depot  
  14  0:29  SCV  
  15  0:42  SCV  
  16  0:44  Barracks  
  16  0:48  Refinery  
  16  0:54  SCV  
  17  1:07  SCV  
  18  1:21  SCV  
  19  1:33  Barracks Reactor  
  19  1:37  Command Center  
  19  1:48  Orbital Command  
  19  2:02  Supply Depot  
  19  2:04  Refinery  
  19  2:10  Marine x2  
  19  2:15  SCV  
  22  2:41  SCV  
  23  2:50  SCV  
  24  2:55  Marine x2  
  26  3:06  Factory  
  26  3:08  SCV  
  26  3:10  SCV  
  28  3:30  SCV  
  29  3:47  Marine x2  
  31  3:58  Factory Tech Lab  
  31  3:59  SCV  
  31  4:00  Supply Depot  
  31  4:02  SCV  
  33  4:08  Marine x2  
  35  4:14  SCV  
  35  4:15  SCV  
  37  4:20  Supply Depot  
  37  4:32  Barracks  
  37  4:39  Siege Tank  
  37  4:40  Marine x2, Starport  
  42  4:59  SCV  
  43  5:03  Command Center  
  43  5:04  SCV  
  44  5:35  Marine x2  
  46  5:38  Barracks Tech Lab  
  46  5:42  Starport Reactor  
  46  5:43  Barracks  
  46  5:53  Marine  
  47  6:19  Viking  
  47  6:20  Viking  
  51  6:38  SCV  
  51  6:46  Supply Depot  
  45  6:50  SCV  
  44  7:02  Medivac x2  
  44  7:04  Marine x2  
  44  7:05  Marauder  
  53  7:09  Barracks Reactor  
  52  7:22  Marine  
  43  7:41  Marine  
  45  7:47  Liberator  
  39  8:19  Marine x2  
  39  8:29  Bunker  
  31  8:42  Marine x2  
  21  9:14  SCV x3  
  21  9:18  Barracks  
  19  9:27  SCV  
  17  9:39  SCV  
Show
View Real Time Build Order
Export as new Build Order

Wandros Terran - Winner!

Build Orders:  

Get SALT Encoding   

  12  0:02  SCV  
  13  0:14  SCV  
  14  0:25  Supply Depot  
  14  0:28  Refinery  
  14  0:30  SCV  
  15  0:50  Barracks  
  15  0:52  SCV  
  16  1:07  Supply Depot  
  16  1:08  SCV  
  17  1:19  Barracks  
  17  1:20  SCV  
  18  1:45  Refinery  
  18  1:56  SCV  
  19  2:11  Engineering Bay  
  19  2:13  Factory  
  19  2:18  Marine  
  20  2:25  Barracks Tech Lab  
  20  2:38  Supply Depot  
  20  2:43  Barracks Reactor  
  20  2:44  Terran Infantry Weapons Level 1  
  19  2:55  SCV  
  20  3:04  Marauder  
  22  3:07  SCV  
  23  3:15  Starport  
  23  3:20  Marine  
  23  3:24  Marine  
  25  3:39  Marine  
  26  3:42  SCV, Marine  
  28  3:54  Starport Reactor  
  28  3:57  Marine  
  28  3:59  Marine  
  30  4:02  Supply Depot  
  30  4:08  Marauder  
  32  4:16  Stimpack  
  32  4:21  Liberator  
  32  4:29  Orbital Command  
  35  4:51  Medivac  
  37  4:54  Marine  
  37  4:55  Marine  
  39  5:02  Marauder  
  41  5:21  Medivac  
  43  5:22  Medivac  
  45  5:35  Terran Infantry Armor Level 1  
  45  5:38  Marine x2  
  47  5:51  Marauder  
  49  6:17  Concussive Shells  
  38  7:46  Marine x2, Marauder  
  38  7:47  Medivac x2  
  45  8:04  Marine x2  
  47  8:07  Marauder  
  47  8:17  Medivac  
  47  9:07  Marauder  
  47  9:08  Marine x2  
  51  9:26  Marine x2  
  51  9:29  Marauder  
Tags
 
Add a new tag
Caveats
  • Supply blocks, unpowered buildings, or Contaminate may cause inaccurate times.
  • Supply counts are checked every 10 seconds.